 Dungeon Crawl Stone Soup version 0.14-a0-1330-g3eed206 (webtiles) character file.

333 PolkaDot the Cutter (level 5, 0/41 HPs)
             Began as a Vampire Death Knight on Dec 6, 2013.
             Was a Believer of Yredelemnul.
             Succumbed to an orc zombie's poison
             ... on Level 3 of the Dungeon.
             The game lasted 00:11:22 (2433 turns).

PolkaDot the Cutter (Vampire Death Knight)          Turns: 2433, Time: 00:11:23

HP   0/41        AC  6     Str 12      XL: 5   Next: 10%
MP   5/6         EV 11     Int 13      God: Yredelemnul [**....]
Gold 183         SH  0     Dex 14      Spells:  0 memorised,  4 levels left

rFire  . . .     SeeInvis +     a - +1 short sword
rCold  . . .     Clarity  .     b - +0 leather armour
rNeg   + . .     Conserve .     (no shield)
rPois  .         rCorr    .     n - +0 cap
rElec  .         rRot     .     (no cloak)
SustAb . .       Spirit   .     (no gloves)
rMut   .         Warding  .     (no boots)
Saprov . . .     Stasis   .     (no amulet)
                                t - ring of wizardry
                                c - +3 ring of protection

@: very poisoned, slightly resistant to hostile enchantments, unstealthy
A: fangs 3, see invisible, unbreathing
a: Bat Form, Animate Remains, Recall Undead Slaves, Injury Mirror, Renounce
Religion


You were on level 3 of the Dungeon.
You worshipped Yredelemnul.
Yredelemnul was pleased with you.
You were not thirsty.

You visited 1 branch of the dungeon, and saw 3 of its levels.

You collected 183 gold pieces.

Inventory:

Hand weapons
 a - a +1,+1 short sword (weapon)
Armour
 b - a +0 leather armour (worn)
 n - a +0 cap (worn)
Scrolls
 e - a scroll of identify
 g - 3 scrolls of enchant weapon I
 h - 2 scrolls of remove curse {unknown}
 i - 2 scrolls of curse armour {unknown}
 j - a scroll of immolation {unknown}
 k - 2 scrolls of random uselessness {unknown}
 l - 2 scrolls of magic mapping {unknown}
 m - a scroll of fog {unknown}
 q - 2 scrolls of curse weapon {unknown}
 s - 2 scrolls of fear {unknown}
Jewellery
 c - a +3 ring of protection (left hand)
 f - an uncursed ring of wizardry
 t - a ring of wizardry (right hand)
Potions
 d - a potion of restore abilities


   Skills:
 - Level 3.5 Fighting
 + Level 3.6 Short Blades
 - Level 0.7 Armour
 * Level 2.7 Dodging
 - Level 2.4 Invocations


You had 4 spell levels left.
You didn't know any spells.

Dungeon Overview and Level Annotations

Branches:
Dungeon (3/16)

Altars:
Makhleb
Vehumet

Annotations:
D:3 Sigmund


Innate Abilities, Weirdness & Mutations

You have razor-sharp teeth.*
You have supernaturally acute eyesight.
You can survive without breathing.*


Message History

You barely miss Sigmund. Your bite misses Sigmund.
Sigmund is severely wounded.
* * * LOW HITPOINT WARNING * * *
You feel sick.
Your gnoll skeleton hits Terence but does no damage.
The orc zombie closely misses you.
Jessica closely misses Sigmund.
Sigmund completely misses you.
You hit Sigmund but do no damage. You bite Sigmund.
Sigmund is almost dead.
* * * LOW HITPOINT WARNING * * *
You feel very sick. Terence closely misses you.
Your gnoll skeleton hits Terence with a spear.
Terence is destroyed!
Drink which item? (? for menu, Esc to quit)
Okay, then.
You barely miss Sigmund. Your bite misses Sigmund.
Sigmund is almost dead.
You die...
Yredelemnul claims you as an undead slave.

#.# #.....# #.# ##+####
##+ #z## #. #.. #..##
##.###### #.# ##..#
#.......# ###'######
####'## #.......#
#........# ......#
#.......# #........#
..)...# #.....z)#
#........# ......#
#....@@)### #..?.....#
......# #...zzz.z.##
#.......(( ......+
#.......#..###......z.#
......#
.........##...'z...)...#
......#
##..!....######........#
####### #.......#
#........# ########
##########


You could see Sigmund (invisible), an orc zombie, 2 friendly hobgoblin zombies,
the friendly Jessica the human zombie and a friendly gnoll skeleton.

Vanquished Creatures
  Jessica (D:3)
  2 gnolls (D:3)
  A giant mite (D:2)
  A giant gecko (D:3)
  5 orcs (D:3)
  4 giant cockroaches
  6 goblins
  6 hobgoblins
  8 jackals
  5 bats
  A giant newt (D:1)
  5 kobolds
  A quokka (D:2)
  6 rats
52 creatures vanquished.

Vanquished Creatures (collateral kills)
  An orc wizard (D:3)
  Terence (D:3)
  A gnoll (D:3)
  A worm (D:2)
  2 orcs (D:3)
  A hobgoblin (D:3)
  A kobold (D:2)
  2 bats (D:3)
  2 goblins (D:2)
  A human zombie (D:3)
  A rat (D:2)
14 creatures vanquished.

Vanquished Creatures (others)
  A bat zombie (D:2)
  A giant gecko zombie (D:3)
  A goblin zombie (D:2)
  3 jackal zombies (D:3)
  2 kobold zombies (D:3)
  An orc zombie (D:3)
9 creatures vanquished.

Grand Total: 75 creatures vanquished

Notes
Turn   | Place    | Note
--------------------------------------------------------------
     0 | D:1      | PolkaDot, the Vampire Death Knight, began the quest for the Orb.
     0 | D:1      | Reached XP level 1. HP: 16/16 MP: 1/1
   304 | D:1      | Reached XP level 2. HP: 17/22 MP: 2/2
   625 | D:2      | Found a radiant altar of Vehumet.
   649 | D:2      | Found a burning altar of Makhleb.
   667 | D:2      | Acquired Yredelemnul's second power
   776 | D:2      | Reached XP level 3. HP: 28/28 MP: 2/4
  1032 | D:2      | Reached skill level 3 in Fighting
  1492 | D:3      | Reached XP level 4. HP: 19/35 MP: 5/5
  1497 | D:3      | Gained mutation: You possess an exceptional clarity of mind. [potion of beneficial mutation]
  1498 | D:3      | Lost mutation: You possess an exceptional clarity of mind. [potion of cure mutation]
  1820 | D:3      | Noticed Terence
  1837 | D:3      | Killed Terence
  2285 | D:3      | Noticed Jessica
  2292 | D:3      | Killed Jessica
  2292 | D:3      | Reached XP level 5. HP: 32/41 MP: 6/6
  2411 | D:3      | Noticed Sigmund
  2432 | D:3      | HP: 2/41 [poisoned by an orc zombie]
  2433 | D:3      | Succumbed to an orc zombie's poison

Action                   |  1- 3 |  4- 6 || total
-------------------------+-------+-------++-------
Melee: Short sword       |   163 |    71 ||   234
Invok: Animate Remains   |    15 |     7 ||    22
       Recall Undead Sla |       |     1 ||     1
  Use: Potion            |     1 |     7 ||     8
       Scroll            |       |     6 ||     6
